MWL
WAUSAU TIMBERS @ CEDAR RAPIDS CARDINALS
08/11/1982
 
TOP OF THE 1ST
Wausau Timbers batting - Pitching for Cedar Rapids Cardinals : RHP DeVallon Harper
Pitching: RHP DeVallon Harper
Batting: SHB Herman Lewis 0-0: Ball
1-0: Ball
2-0: Ball
3-0: Called Strike
3-1: Base on Balls
Batting: LHB Rodney Nealeigh 0-0: Ball
1-0: Ball
2-0: Fly out, F8 (Flyball, 8LXD, EV 77.5 MPH)
Batting: RHB Rich Renteria 0-0: Ball
1-0: Called Strike
1-1: Ball
2-1: Ball
3-1: Foul Ball, location: 2F
3-2: Base on Balls
Herman Lewis to second
Batting: LHB Tom M Foley 0-0: Foul Ball, location: 2F
0-1: Ball
Herman Lewis steals 3rd, throwing error, E2
Herman Lewis scores
Rich Renteria to third
1-1: Called Strike
1-2: Ball
2-2: Foul Ball, location: 2F
2-2: Fly out, F4 (Line Drive, 4, EV 71.3 MPH)
Batting: RHB Douglas Davis 0-0: Called Strike
0-1: Ground out 4-3 (Groundball, 4M, EV 93.8 MPH)
Top of the 1st over - 1 run, 0 hits, 1 error, 1 left on base; Wausau 1 - Cedar Rapids 0
BOTTOM OF THE 1ST
Cedar Rapids Cardinals batting - Pitching for Wausau Timbers : RHP Brian Buckley
Pitching: RHP Brian Buckley
Batting: SHB Steve McAllister 0-0: Called Strike
0-1: Called Strike
0-2: Ball
1-2: Foul Ball, location: 2F
1-2: Foul Ball, location: 2F
1-2: Ball
2-2: Ball
3-2: Fly out, F9 (Flyball, 89M, EV 86.9 MPH)
Batting: RHB Reggie D Williams 0-0: Fly out, F4 (Popup, 23, EV 89.4 MPH)
Batting: RHB Winston Ficklin 0-0: Ball
1-0: Called Strike
1-1: Ball
2-1: Foul Ball, location: 2F
2-2: Strikes out swinging
Bottom of the 1st over - 0 runs, 0 hits, 0 errors, 0 left on base; Wausau 1 - Cedar Rapids 0
TOP OF THE 2ND
Wausau Timbers batting - Pitching for Cedar Rapids Cardinals : RHP DeVallon Harper
Batting: LHB Ricky Seilheimer 0-0: Called Strike
0-1: Called Strike
0-2: Ball
1-2: Ground out 4-3 (Groundball, 4, EV 86.9 MPH)
Batting: RHB Bruce Chaney 0-0: Ball
1-0: Called Strike
1-1: Swinging Strike
1-2: Ball
2-2: Strikes out swinging
Batting: RHB Jeffrey Young 0-0: Called Strike
0-1: Called Strike
0-2: SINGLE (Groundball, 5S, EV 70.6 MPH) (infield hit)
Batting: RHB Isaac Seoanee 0-0: Called Strike
Jeffrey Young steals 2nd base (no throw)
0-1: Ground out 1-3 (Groundball, 15S, EV 68.1 MPH)
Top of the 2nd over - 0 runs, 1 hit, 0 errors, 1 left on base; Wausau 1 - Cedar Rapids 0
BOTTOM OF THE 2ND
Cedar Rapids Cardinals batting - Pitching for Wausau Timbers : RHP Brian Buckley
Batting: RHB Mark Poole 0-0: Called Strike
0-1: Foul Ball, location: 2F
0-2: Fly out, F7 (Flyball, 7LM, EV 89.4 MPH)
Batting: RHB Carson Carroll 0-0: Called Strike
0-1: Ball
1-1: Ball
2-1: Foul Ball, location: 2F
2-2: SINGLE (Groundball, 56D, EV 98.8 MPH)
Batting: RHB Dean Kornacker 0-0: Ball
1-0: Called Strike
1-1: Foul Ball, location: 2F
1-2: Ball
2-2: Foul Ball, location: 2F
2-2: Ball
3-2: Foul Ball, location: 2F
3-2: Foul Ball, location: 2F
3-2: SINGLE (Flyball, 5D, EV 95.6 MPH)
Carson Carroll to second
Carson Carroll to third
Batting: SHB Bryan Hoppie 0-0: Ball
1-0: Ball
2-0: Ball
3-0: Called Strike
3-1: Base on Balls
Dean Kornacker to second
Batting: SHB Duane Johnson 0-0: Ball
1-0: Grounds into double play, 4-6-3 (Groundball, 34, EV 106.3 MPH)
Bottom of the 2nd over - 0 runs, 2 hits, 0 errors, 2 left on base; Wausau 1 - Cedar Rapids 0
TOP OF THE 3RD
Wausau Timbers batting - Pitching for Cedar Rapids Cardinals : RHP DeVallon Harper
Batting: SHB Herman Lewis 0-0: Ball
1-0: Called Strike
1-1: Called Strike
1-2: Ball
2-2: Ball
3-2: Strikes out swinging
Batting: LHB Rodney Nealeigh 0-0: Ball
1-0: SINGLE (Groundball, 6S, EV 74.4 MPH) (infield hit)
Batting: RHB Rich Renteria 0-0: Called Strike
0-1: Fly out, F9 (Flyball, 9LD, EV 106.9 MPH)
Batting: LHB Tom M Foley 0-0: Called Strike
0-1: Swinging Strike
0-2: Ball
1-2: Ball
2-2: Foul Ball, location: 2F
2-2: Ball
3-2: Strikes out swinging
Top of the 3rd over - 0 runs, 1 hit, 0 errors, 1 left on base; Wausau 1 - Cedar Rapids 0
BOTTOM OF THE 3RD
Cedar Rapids Cardinals batting - Pitching for Wausau Timbers : RHP Brian Buckley
Batting: RHB Chris Gandy 0-0: Ball
1-0: Called Strike
1-1: Called Strike
1-2: Strikes out looking
Batting: SHB Steve McAllister 0-0: Called Strike
0-1: Ball
1-1: Ball
2-1: Reached on error, E8 (Flyball, 8LD, EV 99.4 MPH)
Batting: RHB Reggie D Williams 0-0: Ball
Steve McAllister is caught stealing 2nd base 2-4
1-0: Foul Ball, location: 2F
1-1: Ball
2-1: Foul Ball, location: 2F
2-2: Ball
3-2: Foul Ball, location: 2F
3-2: Base on Balls
Batting: RHB Winston Ficklin 0-0: Hit by Pitch
Reggie D Williams to second
Batting: RHB Mark Poole 0-0: Called Strike
0-1: Ball
1-1: Ball
2-1: SINGLE (Groundball, 6D, EV 106.3 MPH)
Reggie D Williams to third
Winston Ficklin to second
Runner from 3rd tries for Home, SAFE, throw by CF to home
Batting: RHB Carson Carroll 0-0: Called Strike
0-1: Ball
1-1: Foul Ball, location: 2F
1-2: Strikes out swinging
Bottom of the 3rd over - 1 run, 1 hit, 1 error, 2 left on base; Wausau 1 - Cedar Rapids 1
TOP OF THE 4TH
Wausau Timbers batting - Pitching for Cedar Rapids Cardinals : RHP DeVallon Harper
Batting: RHB Douglas Davis 0-0: Fly out, F9 (Flyball, 9S, EV 91.9 MPH)
Batting: LHB Ricky Seilheimer 0-0: Called Strike
0-1: Ball
1-1: Swinging Strike
1-2: Strikes out looking
Batting: RHB Bruce Chaney 0-0: Foul Ball, location: 2F
0-1: Ball
1-1: Called Strike
1-2: Strikes out swinging
Top of the 4th over - 0 runs, 0 hits, 0 errors, 0 left on base; Wausau 1 - Cedar Rapids 1
BOTTOM OF THE 4TH
Cedar Rapids Cardinals batting - Pitching for Wausau Timbers : RHP Brian Buckley
Batting: RHB Dean Kornacker 0-0: Swinging Strike
0-1: Swinging Strike
0-2: Ball
1-2: Ball
2-2: Foul Ball, location: 2F
2-2: Foul Ball, location: 2F
2-2: Ball
3-2: Foul Ball, location: 2F
3-2: Foul Ball, location: 2F
3-2: Base on Balls
Batting: SHB Bryan Hoppie 0-0: Ball
1-0: Called Strike
1-1: Fly out, F9 (Flyball, 89S, EV 78.1 MPH)
Batting: SHB Duane Johnson 0-0: Swinging Strike
0-1: Ball
1-1: Foul Ball, location: 2F
1-2: Ball
2-2: SINGLE (Line Drive, 9S, EV 91.9 MPH)
Dean Kornacker to second
Runner from 2nd tries for 3rd, SAFE, throw by RF made to third
Batting: RHB Chris Gandy 0-0: Ball
1-0: Swinging Strike
1-1: Swinging Strike
1-2: Foul Ball, location: 2F
1-2: Fly out, F6 (Flyball, 56D, EV 90.6 MPH)
Batting: SHB Steve McAllister 0-0: Swinging Strike
0-1: Ball
1-1: Called Strike
1-2: Foul Ball, location: 2F
1-2: Ball
2-2: Ball
3-2: SINGLE (Line Drive, 7S, EV 102.5 MPH)
Dean Kornacker scores
Duane Johnson to second
Duane Johnson to third
Batting: RHB Reggie D Williams 0-0: Called Strike
0-1: Ball
1-1: Ball
2-1: SINGLE (Flyball, 9LS, EV 85.6 MPH)
Duane Johnson scores
Steve McAllister to second
Runner from 2nd tries for 3rd, SAFE, throw by RF made to third
Batting: RHB Winston Ficklin 0-0: Ball
1-0: Ball
2-0: Swinging Strike
2-1: Ball
3-1: Base on Balls
Reggie D Williams to second
Batting: RHB Mark Poole 0-0: Fielders Choice at 2nd, 5-4 (Groundball, 56, EV 89.4 MPH)
Bottom of the 4th over - 2 runs, 3 hits, 0 errors, 3 left on base; Wausau 1 - Cedar Rapids 3
TOP OF THE 5TH
Wausau Timbers batting - Pitching for Cedar Rapids Cardinals : RHP DeVallon Harper
Batting: RHB Jeffrey Young 0-0: Swinging Strike
0-1: Foul Ball, location: 2F
0-2: Ball
1-2: Strikes out swinging
Batting: RHB Isaac Seoanee 0-0: Ground out 6-3 (Groundball, 6, EV 86.3 MPH)
Batting: SHB Herman Lewis 0-0: Called Strike
0-1: Ball
1-1: Ground out 6-3 (Groundball, 6M, EV 92.5 MPH)
Top of the 5th over - 0 runs, 0 hits, 0 errors, 0 left on base; Wausau 1 - Cedar Rapids 3
BOTTOM OF THE 5TH
Cedar Rapids Cardinals batting - Pitching for Wausau Timbers : RHP Brian Buckley
Batting: RHB Carson Carroll 0-0: SINGLE (Groundball, 6MD, EV 108.1 MPH)
Batting: RHB Dean Kornacker 0-0: Ball
Carson Carroll is caught stealing 2nd base 2-4
1-0: Called Strike
1-1: Fly out, F9 (Line Drive, 9, EV 85.0 MPH)
Batting: SHB Bryan Hoppie 0-0: Ball
1-0: Ball
2-0: Called Strike
2-1: Ball
3-1: Base on Balls
Pitching: RHP Robert Tenenini
Batting: SHB Duane Johnson 0-0: Fly out, F9 (Flyball, 89M, EV 85.6 MPH)
Bottom of the 5th over - 0 runs, 1 hit, 0 errors, 1 left on base; Wausau 1 - Cedar Rapids 3
TOP OF THE 6TH
Wausau Timbers batting - Pitching for Cedar Rapids Cardinals : RHP DeVallon Harper
Batting: LHB Rodney Nealeigh 0-0: Ball
1-0: Ground out 6-3 (Groundball, 6, EV 103.1 MPH)
Batting: RHB Rich Renteria 0-0: Ball
1-0: Ball
2-0: Swinging Strike
2-1: Ground out 6-3 (Groundball, 6, EV 105.6 MPH)
Batting: LHB Tom M Foley 0-0: Ball
1-0: Fly out, F9 (Flyball, 9, EV 88.1 MPH)
Top of the 6th over - 0 runs, 0 hits, 0 errors, 0 left on base; Wausau 1 - Cedar Rapids 3
BOTTOM OF THE 6TH
Cedar Rapids Cardinals batting - Pitching for Wausau Timbers : RHP Robert Tenenini
Batting: RHB Chris Gandy 0-0: Called Strike
0-1: Fly out, F9 (Flyball, 9, EV 85.6 MPH)
Batting: SHB Steve McAllister 0-0: Ball
1-0: Ball
2-0: Foul Ball, location: 2F
2-1: Ball
3-1: Foul Ball, location: 2F
3-2: Foul Ball, location: 2F
3-2: Base on Balls
Batting: RHB Reggie D Williams 0-0: Ball
1-0: Ball
2-0: Ball
3-0: Called Strike
3-1: Ground out 4-3 (Groundball, 34, EV 96.9 MPH)
Steve McAllister to second
Batting: RHB Winston Ficklin 0-0: Called Strike
0-1: Foul Ball, location: 2F
0-2: Ball
1-2: Strikes out swinging
Bottom of the 6th over - 0 runs, 0 hits, 0 errors, 1 left on base; Wausau 1 - Cedar Rapids 3
TOP OF THE 7TH
Wausau Timbers batting - Pitching for Cedar Rapids Cardinals : RHP DeVallon Harper
Batting: RHB Douglas Davis 0-0: Called Strike
0-1: Foul Ball, location: 2F
0-2: Ball
1-2: Ball
2-2: Foul Ball, location: 2F
2-2: Strikes out looking
Batting: LHB Ricky Seilheimer 0-0: Ball
1-0: Ground out 5-3 (Groundball, 56, EV 93.1 MPH)
Batting: RHB Bruce Chaney 0-0: Ball
1-0: Ball
2-0: Ground out 5-3 (Groundball, 56, EV 80.6 MPH)
Top of the 7th over - 0 runs, 0 hits, 0 errors, 0 left on base; Wausau 1 - Cedar Rapids 3
BOTTOM OF THE 7TH
Cedar Rapids Cardinals batting - Pitching for Wausau Timbers : RHP Robert Tenenini
Batting: RHB Mark Poole 0-0: Called Strike
0-1: Ball
1-1: Called Strike
1-2: Ball
2-2: Fly out, F7 (Flyball, 7LS, EV 93.8 MPH)
Batting: RHB Carson Carroll 0-0: Ball
1-0: Foul Ball, location: 2F
1-1: Ball
2-1: Ground out 5-3 (Groundball, 5, EV 90.0 MPH)
Batting: RHB Dean Kornacker 0-0: Ball
1-0: Foul Ball, location: 2F
1-1: Fly out, F9 (Flyball, 9, EV 80.6 MPH)
Bottom of the 7th over - 0 runs, 0 hits, 0 errors, 0 left on base; Wausau 1 - Cedar Rapids 3
TOP OF THE 8TH
Wausau Timbers batting - Pitching for Cedar Rapids Cardinals : RHP DeVallon Harper
Batting: RHB Jeffrey Young 0-0: Ball
1-0: Swinging Strike
1-1: Ball
2-1: Swinging Strike
2-2: Strikes out swinging
Batting: RHB Isaac Seoanee 0-0: Called Strike
0-1: Ball
1-1: Ball
2-1: Foul Ball, location: 2F
2-2: Foul Ball, location: 2F
2-2: SINGLE (Line Drive, 5D, EV 101.3 MPH)
Batting: SHB Herman Lewis 0-0: Called Strike
0-1: Ball
1-1: Called Strike
1-2: Foul Ball, location: 2F
1-2: Fielders Choice at 2nd, 6-4 (Groundball, 6, EV 91.3 MPH)
Batting: LHB Rodney Nealeigh 0-0: Foul Ball, location: 2F
0-1: Swinging Strike
0-2: Foul Ball, location: 2F
0-2: Strikes out swinging
Top of the 8th over - 0 runs, 1 hit, 0 errors, 1 left on base; Wausau 1 - Cedar Rapids 3
BOTTOM OF THE 8TH
Cedar Rapids Cardinals batting - Pitching for Wausau Timbers : RHP Robert Tenenini
Batting: SHB Bryan Hoppie 0-0: Ball
1-0: Foul Ball, location: 2F
1-1: Ball
2-1: Ball
3-1: Base on Balls
Batting: SHB Duane Johnson 0-0: Ball
1-0: Sac Bunt to 2L - play at first, batter OUT! 2-4
Bryan Hoppie to second
Batting: RHB Chris Gandy 0-0: Ball
1-0: Ball
2-0: Ball
3-0: Base on Balls
Pitching: RHP Robert Mettler
Batting: SHB Steve McAllister 0-0: Foul Ball, location: 2F
0-1: Swinging Strike
0-2: Ball
1-2: Ball
2-2: Fly out, F4 (Popup, 4M, EV 71.9 MPH)
Batting: RHB Reggie D Williams 0-0: Called Strike
0-1: Ball
1-1: Fly out, F3 (Line Drive, 3, EV 63.8 MPH)
Bottom of the 8th over - 0 runs, 0 hits, 0 errors, 2 left on base; Wausau 1 - Cedar Rapids 3
TOP OF THE 9TH
Wausau Timbers batting - Pitching for Cedar Rapids Cardinals : RHP DeVallon Harper
Pitching: RHP Jeffrey Musser
Batting: RHB Rich Renteria 0-0: Ball
1-0: Foul Ball, location: 2F
1-1: Fly out, F8 (Flyball, 8LS, EV 86.9 MPH)
Batting: LHB Tom M Foley 0-0: Ball
1-0: Called Strike
1-1: Called Strike
1-2: Ball
2-2: Ball
3-2: Foul Ball, location: 2F
3-2: SINGLE (Flyball, 8RS, EV 98.8 MPH)
Batting: RHB Douglas Davis 0-0: Ball
1-0: Ball
2-0: Ball
3-0: Called Strike
3-1: SINGLE (Line Drive, 34D, EV 105.0 MPH)
Tom M Foley to second
Batting: LHB Ricky Seilheimer 0-0: Foul Ball, location: 2F
0-1: Called Strike
0-2: Ball
1-2: Ball
2-2: Foul Ball, location: 2F
2-2: Ball
3-2: Foul Ball, location: 2F
3-2: Strikes out looking
Pinch Hitting: SHB James Flores 0-0: Called Strike
0-1: Reached on error, E4 (Groundball, 4, EV 88.1 MPH)
Tom M Foley to third
Douglas Davis to second
Batting: RHB Jeffrey Young 0-0: Ball
1-0: Ball
2-0: SINGLE (Line Drive, 9LS, EV 101.3 MPH)
Tom M Foley scores
Douglas Davis to third
James Flores to second
Runner from 3rd tries for Home, SAFE, throw by RF to home
Batting: RHB John Pignotti 0-0: Foul Ball, location: 2F
0-1: DOUBLE (Flyball, 89D, EV 103.8 MPH)
James Flores scores
Jeffrey Young to third
Runner from 3rd tries for Home, SAFE, no throw by CF
Pitching: RHP Donald Oliver
Batting: SHB Herman Lewis 0-0: Ball
1-0: Foul Ball, location: 2F
1-1: Ground out 3-1 (Groundball, 34, EV 110.0 MPH)
Top of the 9th over - 4 runs, 4 hits, 1 error, 1 left on base; Wausau 5 - Cedar Rapids 3
BOTTOM OF THE 9TH
Cedar Rapids Cardinals batting - Pitching for Wausau Timbers : RHP Robert Mettler
Pitching: RHP Rafael Ramirez
Now at 3B: Larry Marsh
Batting: RHB Winston Ficklin 0-0: Ball
1-0: Ball
2-0: Called Strike
2-1: SOLO HOME RUN (Flyball, 7D, EV 89.4 MPH), Distance : 370 ft
Batting: RHB Mark Poole 0-0: Ball
1-0: Ball
2-0: SINGLE (Line Drive, 9LM, EV 103.1 MPH)
Batting: RHB Carson Carroll 0-0: Ball
1-0: Called Strike
1-1: Ball
2-1: SINGLE (Groundball, 5S, EV 67.5 MPH) (infield hit)
Mark Poole to second
Pinch Hitting: LHB Robert O'Leath 0-0: Ball
1-0: Ball
2-0: Ball
3-0: Base on Balls
Mark Poole to third
Carson Carroll to second
Pinch Hitting: RHB Nehames Bernstine 0-0: Ball
1-0: Ball
Wild Pitch!
Mark Poole scores
Carson Carroll to third
Robert O'Leath to second
2-0: Intentional Walk
Batting: SHB Duane Johnson 0-0: Ball
1-0: Foul Ball, location: 2F
1-1: Swinging Strike
1-2: Strikes out swinging
Pinch Hitting: LHB Kyle Sanford 0-0: Ball
1-0: Ball
2-0: Called Strike
2-1: Fly out, F4 (Popup, 34, EV 46.9 MPH)
Batting: SHB Steve McAllister 0-0: Fly out, F8 (Flyball, 8RXD, EV 96.9 MPH)
Bottom of the 9th over - 2 runs, 3 hits, 0 errors, 3 left on base; Wausau 5 - Cedar Rapids 5
TOP OF THE 10TH
Wausau Timbers batting - Pitching for Cedar Rapids Cardinals : RHP Donald Oliver
Now at 1B: Robert O'Leath
Now at 3B: Bruce Amador
Now in RF: Nehames Bernstine
Batting: LHB Rodney Nealeigh 0-0: Ball
1-0: Ball
2-0: Foul Ball, location: 2F
2-1: Ground out 4-3 (Groundball, 4S, EV 84.4 MPH)
Batting: RHB Rich Renteria 0-0: Ball
1-0: Ball
2-0: Ball
3-0: Base on Balls
Batting: LHB Tom M Foley 0-0: Called Strike
0-1: SINGLE (Groundball, 25, EV 69.4 MPH) (infield hit)
Rich Renteria to second
Batting: RHB Douglas Davis 0-0: Called Strike
0-1: Ball
1-1: Fly out, F8 (Flyball, 78D, EV 98.8 MPH)
Runner from 2nd tags up, SAFE at 3rd with throw by CF
Batting: LHB Ricky Seilheimer 0-0: Ball
1-0: Ball
2-0: Ball
3-0: Called Strike
3-1: Foul Ball, location: 2F
3-2: Base on Balls
Tom M Foley to second
Pinch Hitting: RHB Kevin McDaniel 0-0: Ball
1-0: Called Strike
1-1: Ball
Passed Ball!
Rich Renteria scores
Tom M Foley to third
Ricky Seilheimer to second
2-1: Ground out 6-3 (Groundball, 6, EV 86.3 MPH)
Top of the 10th over - 1 run, 1 hit, 0 errors, 2 left on base; Wausau 6 - Cedar Rapids 5
BOTTOM OF THE 10TH
Cedar Rapids Cardinals batting - Pitching for Wausau Timbers : RHP Rafael Ramirez
Pitching: RHP Alan Holbrook
Now at 3B: Kevin McDaniel
Batting: RHB Reggie D Williams 0-0: Ball
1-0: Ball
2-0: SINGLE (Line Drive, 9S, EV 98.8 MPH)
Batting: RHB Winston Ficklin 0-0: Fielders Choice at 2nd, 4-6 (Groundball, 4, EV 81.3 MPH)
Batting: RHB Mark Poole 0-0: Swinging Strike
0-1: Fly out, F6 (Line Drive, 6, EV 68.1 MPH)
Batting: RHB Carson Carroll 0-0: Foul Ball, location: 2F
0-1: Ball
1-1: Fly out, F7 (Flyball, 7S, EV 85.6 MPH)
Bottom of the 10th over - 0 runs, 1 hit, 0 errors, 1 left on base; Wausau 6 - Cedar Rapids 5
Friday, August 21st, 2020 - OOTP Baseball 21.5 Build 76